 Dungeon Crawl Stone Soup version 0.20.1-1-g8b1a95d (webtiles) character file.

999 equalderp2856 the Chopper (level 8, -3/61 HPs)
             Began as a Mummy Fighter on Sept 6, 2017.
             Slain by a wraith (4 damage)
             ... in an ossuary.
             The game lasted 00:10:21 (5769 turns).

equalderp2856 the Chopper (Mummy Fighter)           Turns: 5769, Time: 00:10:22

Health: -3/61      AC: 10    Str: 20    XL:     8   Next: 0%
Magic:  8/8        EV:  6    Int:  8    God:
Gold:   193        SH:  9    Dex: 12    Spells: 7/7 levels left

rFire    x . .     SeeInvis .   a - +0 war axe
rCold    + . .     Gourm    .   c - +0 shield
rNeg     + + +     Faith    .   k - +0 chain mail
rPois    ∞         Spirit   .   (no helmet)
rElec    .         Reflect  .   (no cloak)
rCorr    .         Harm     .   i - +0 pair of gloves
MR       +....                  (no boots)
Stlth    ..........             (no amulet)
Regen    0.2/turn               (no ring)
MPRegen  0.2/turn               (no ring)

@: about to teleport, slowed, very slow
A: no food or potions, fire vulnerability, cold resistance 1, negative energy
resistance 3, torment resistance, unbreathing
a: no special abilities


You were in an ossuary.
You were not hungry.

You visited 1 branch of the dungeon, and saw 6 of its levels.
You also visited: Ossuary.

You collected 193 gold pieces.

Inventory:

Hand Weapons
 a - a +0 war axe (weapon)
 l - a +0 hand crossbow
Armour
 b - a +0 scale mail
 c - a +0 shield (worn)
 i - a +0 pair of gloves (worn)
 k - a +0 chain mail (worn)
Wands
 p - a wand of clouds (2/9)
Scrolls
 e - 2 scrolls of fear {unknown}
 f - 10 scrolls of identify {unknown}
 h - 3 scrolls of remove curse {unknown}
 j - 5 scrolls of random uselessness {unknown}
 m - 2 scrolls of fog {unknown}
 n - a scroll of immolation {unknown}
 o - a scroll of enchant weapon {unknown}
 q - a scroll of vulnerability {unknown}
 r - a scroll of blinking {unknown}


   Skills:
 + Level 4.6 Fighting
 + Level 4.9 Axes
 + Level 4.3 Armour
 + Level 1.4 Dodging
 + Level 4.0 Shields


You had 7 spell levels left.
You didn't know any spells.

Dungeon Overview and Level Annotations

Branches:
Dungeon (6/15)             Temple (0/1) D:5

Altars:
Nemelex Xobeh


Innate Abilities, Weirdness & Mutations

You do not eat or drink.
Your flesh is vulnerable to fire.
You are immune to poison.
Your flesh is cold resistant. (rC+)
You are immune to negative energy. (rN+++)
You are immune to unholy pain and torment.
You can survive without breathing.


Message History

* * * LOW HITPOINT WARNING * * *
The wraith drains your vigour!
You feel as though you will be slow longer.
Unknown command.
You hit the wraith.
The wraith is almost destroyed.
The wraith completely misses you. You block the wraith's attack.
Unknown command.
You barely miss the wraith.
The wraith is almost destroyed.
The wraith hits you.
* * * LOW HITPOINT WARNING * * *
The wraith hits you.
* * * LOW HITPOINT WARNING * * *
The wraith drains your vigour!
You feel as though you will be slow longer.
You block the wraith's attack.
As you read the scroll of teleportation, it crumbles to dust.
You feel strangely unstable. The wraith hits you.
You die...

##########################
#.........................
#.∩.....................∩.
#.......#####'#####.......
#......##.........##......
#.....##...#####...##.....
#....##..@##...##...##....
#....#..W##.!?!.##...#....
#....'...'..??.?.#...+....
#....#...##.?...##...#....
#....##...##...##...##....
#.....##...#####...##.....
#......##.........##......
#.......#####'#####.......
#.∩.....................∩.


You could see a wraith.

Vanquished Creatures
  An ice beast (D:6)
  A phantom (D:4)
  A necrophage (D:5)
  A scorpion (D:5)
  A howler monkey (D:4)
  A bullfrog zombie (D:5)
  3 orc priests (D:4)
  A jelly (D:5)
  A bullfrog skeleton (D:6)
  3 hounds (D:4)
  5 orc wizards
  A worker ant (D:4)
  2 mummies
  A howler monkey skeleton (D:4)
  6 adders
  A shadow imp (D:5)
  An ooze (D:1)
  An adder zombie (D:5)
  2 worms (D:2)
  2 dart slugs
  7 leopard geckos
  12 orcs
  3 giant cockroaches
  6 goblins
  5 hobgoblins
  2 jackals (D:1)
  4 kobolds
  3 quokkas
  4 ball pythons
  10 bats
  5 frilled lizards
  5 gnoll skeletons (Ossuary)
  3 kobold skeletons (Ossuary)
  A leopard gecko zombie (D:5)
  17 orc skeletons (Ossuary)
  A quokka skeleton (D:5)
  6 rats
130 creatures vanquished.

Notes
Turn   | Place    | Note
-------+----------+-------------------------------------------
     0 | D:1      | equalderp2856 the Mummy Fighter began the quest for the Orb.
     0 | D:1      | Reached XP level 1. HP: 18/18 MP: 1/1
    95 | D:1      | Reached XP level 2. HP: 24/24 MP: 2/2
   528 | D:1      | Reached XP level 3. HP: 26/29 MP: 3/3
  1335 | D:2      | Reached XP level 4. HP: 18/35 MP: 4/4
  1740 | D:3      | Found a sparkling altar of Nemelex Xobeh.
  2221 | D:4      | Reached XP level 5. HP: 36/41 MP: 5/5
  2684 | D:4      | Noticed a phantom
  2717 | D:4      | Killed a phantom
  2717 | D:4      | Reached XP level 6. HP: 35/48 MP: 6/6
  3890 | D:5      | Entered Level 5 of the Dungeon
  3901 | D:5      | Reached skill level 1 in Dodging
  3901 | D:5      | Reached XP level 7. HP: 52/54 MP: 7/7
  4355 | D:5      | Found a staircase to the Ecumenical Temple.
  4845 | D:6      | Found a sand-covered staircase.
  4855 | Ossuary  | Entered an ossuary
  4855 | Ossuary  | Noticed a wraith
  4855 | Ossuary  | Noticed a wraith
  4855 | Ossuary  | Noticed a wraith
  5244 | Ossuary  | Reached XP level 8. HP: 57/61 MP: 8/8
  5768 | Ossuary  | HP: 3/61 [wraith (4)]
  5768 | Ossuary  | HP: 1/61 [wraith (2)]
  5769 | Ossuary  | Slain by a wraith

Skill      XL: |  1  2  3  4  5  6  7 |
---------------+----------------------+-----
Axes           | 2 3 4 |  4.9
Armour         | 3 4 |  4.3
Shields        | 3 4 |  4.0
Fighting       | 4 |  4.6
Dodging        | 1 |  1.4

Action                   |  1- 3 |  4- 6 |  7- 9 || total
-------------------------+-------+-------+-------++-------
Melee: War axe           |   162 |   194 |   212 ||   568
Evoke: Wand              |       |       |     3 ||     3
  Use: Scroll            |       |       |     5 ||     5
Armor: Scale mail        |    60 |       |       ||    60
       Chain mail        |    65 |   118 |   117 ||   300
Dodge: Dodged            |    63 |    56 |    48 ||   167
Block: Shield            |   102 |    95 |   146 ||   343
